 Dungeon Crawl Stone Soup version 0.29.0-5-ge4962eb29e (webtiles) character file.

Game seed: 4436604367777834888

1413 ragingrage the Cleaver (level 8, -8/93 HPs)
             Began as a Minotaur Gladiator on Aug 30, 2022.
             Was a Priest of Okawaru.
             Killed from afar by a steam dragon (11 damage)
             ... with a ball of steam
             ... on level 6 of the Dungeon.
             The game lasted 00:05:47 (6411 turns).

ragingrage the Cleaver (Minotaur Gladiator)         Turns: 6411, Time: 00:05:48

Health: -8/93      AC: 11    Str: 21    XL:     8   Next: 43%
Magic:  7/7        EV:  6    Int:  5    God:    Okawaru [***...]
Gold:   270        SH:  0    Dex: 12    Spells: 7/7 levels left

rFire   . . .      SeeInvis .   a - +0 war axe
rCold   . . .      Faith    .   (no shield)
rNeg    . . .      Spirit   .   n - +0 plate armour
rPois   .          Reflect  .   c - +0 hat
rElec   .          Harm     .   w - +0 cloak
rCorr   .          Rampage  .   (no gloves)
Will    .....                   (no boots)
Stlth   ..........              (no amulet)
HPRegen 0.25/turn               (no ring)
MPRegen 0.10/turn               (no ring)

@: berserking, flying, very quick
A: horns 2, retaliatory headbutt
a: Renounce Religion, Heroism


You were on level 6 of the Dungeon.
You worshipped Okawaru.
Okawaru was most pleased with you.
You visited 2 branches of the dungeon, and saw 7 of its levels.

You collected 270 gold pieces.

Inventory:

Hand Weapons
 a - a +0 war axe (weapon)
 p - a +2 hammer of venom
 v - the +7 hammer "Moleest" {pain, rPois}
   (You found it on level 3 of the Dungeon)

   In the hands of one skilled in necromantic magic, it inflicts extra damage on
   living creatures.
   rPois:     It protects you from poison.
Missiles
 d - 2 throwing nets
 e - a javelin
 r - 3 boomerangs
Armour
 c - a +0 hat (worn)
 n - a +0 plate armour (worn)
 w - a +0 cloak (worn)
Jewellery
 D - a ring of resist corrosion
Wands
 b - a wand of flame (9) (quivered)
 u - a wand of digging (3)
Scrolls
 h - a scroll of enchant armour {unknown}
 i - 2 scrolls of vulnerability {unknown}
 k - 9 scrolls of identify {unknown}
 l - 3 scrolls of teleportation {unknown}
 m - 2 scrolls of enchant weapon {unknown}
 q - a scroll of immolation {unknown}
 t - a scroll of acquirement {unknown}
 x - a scroll of silence {unknown}
 y - a scroll of magic mapping {unknown}
Potions
 f - a potion of flight
 g - a potion of berserk rage
 j - 2 potions of heal wounds {unknown}
 o - 2 potions of might {unknown}
 s - 3 potions of lignification {unknown}
 z - a potion of attraction {unknown}
 A - a potion of magic {unknown}
 B - a potion of haste
 C - a potion of degeneration {unknown}


   Skills:
 - Level 2.4 Fighting
 + Level 12.8 Axes
 - Level 2.0 Throwing
 - Level 3.2 Dodging


You had 7 spell levels left.
You didn't know any spells.
Your spell library contained the following spells:

 Spells                   Type           Power      Damage    Failure   Level
 Ensorcelled Hibernation  Hex/Ice        0%         N/A       100%        2
 Passwall                 Tmut/Erth      0%         N/A       100%        2
 Confusing Touch          Hex            0%         N/A       100%        3
 Gell's Gravitas          Tloc           0%         N/A       100%        3
 Swiftness                Air            0%         N/A       100%        3
 Teleport Other           Tloc           0%         N/A       100%        3
 Yara's Violent Unravell  Hex/Tmut       0%         3d3       100%        5
 Dispersal                Tloc           0%         N/A       100%        6
 Enfeeble                 Hex            0%         N/A       100%        7


Dungeon Overview and Level Annotations

Branches:
Dungeon (6/15)             Temple (1/1) D:4

Altars:
Ashenzari
Cheibriados
Dithmenos
Gozag
Hepliaklqana
Kikubaaqudgha
Makhleb
Nemelex Xobeh
Okawaru
Qazlal
Ru
Sif Muna
Trog
Uskayaw
Vehumet
Xom
Yredelemnul
Zin
The Shining One

Shops:
D:5 *


Innate Abilities, Weirdness & Mutations

You have a pair of horns on your head.
You reflexively headbutt those who attack you in melee.


Message History

You closely miss the steam dragon.
The steam dragon is almost dead.
The adder is engulfed in a cloud of scalding steam.
The steam dragon bites you.
* * * LOW HITPOINT WARNING * * *
The steam dragon barely misses you.
You hit the adder but do no damage. Your headbutt misses the adder.
The adder is heavily wounded.
You closely miss the steam dragon. The adder bites you but does no damage.
A white imp comes into view.
The steam dragon bites you.
* * * LOW HITPOINT WARNING * * *
The steam dragon claws you but does no damage.
The adder completely misses you.
You completely miss the steam dragon.
The steam dragon is almost dead.
You hit the adder. The steam dragon bites you.
* * * LOW HITPOINT WARNING * * *
The steam dragon claws you but does no damage.
The adder bites you.
* * * LOW HITPOINT WARNING * * *
The adder attacks as you move away! The adder bites you.
* * * LOW HITPOINT WARNING * * *
Unknown command.
It was a potion of flight.
You feel very buoyant.
You fly up into the air.
The adder bites you but does no damage.
It was a potion of berserk rage.
A red film seems to cover your vision as you go berserk!
You feel yourself moving faster!
You feel mighty! The adder completely misses you. You furiously retaliate!
You headbutt the adder!
You kill the adder!
Okawaru accepts your kill.
You slice the white imp!!
You kill the white imp!
Okawaru accepts your kill. The steam dragon breathes steam at you.
The ball of steam hits you!
You die...

##..#.#.#...........
....#.#.#.........##
.†.........#'#####..
......#.#.##.....+
##.####.#.##.###.# #...
....##.###.#
#..###.####.###.# #
###.##.....'.....# .#
.......#########@#..#.#
P...... #.....D.....#
P..P #.#####.....# P..P
..#.## P..P .## # ...P
.# ...P .#


PPPP +# PPPP You could see a steam dragon (catching breath).

Vanquished Creatures
  Sigmund (D:5)
  Menkaure (D:6)
  A water moccasin (D:6)
  A black bear (D:5)
  An ogre (D:5)
  2 phantoms
  A necrophage (D:5)
  A scorpion (D:6)
  3 hounds
  A gnoll bouda (D:4)
  Crazy Yiuf (D:3)
  A jelly (D:5)
  3 orc priests
  Ijyb (D:3)
  Jessica (D:3)
  An iguana (D:6)
  Robin (D:3)
  3 gnolls (D:4)
  9 adders
  A white imp (D:6)
  2 ufetubi
  2 worms
  A dart slug (D:1)
  12 orcs
  9 bats
  4 endoplasms
  4 hobgoblins
  7 jackals
  8 kobolds
  4 quokkas
  7 ball pythons
  3 frilled lizards (D:2)
  16 goblins
  10 rats
124 creatures vanquished.

Vanquished Creatures (others)
  2 plants
2 creatures vanquished.

Grand Total: 126 creatures vanquished

Notes
Turn   | Place    | Note
-------+----------+-------------------------------------------
     0 | D:1      | ragingrage the Minotaur Gladiator began the quest for the
                  | Orb.
     0 | D:1      | Reached XP level 1. HP: 18/18 MP: 0/0
    52 | D:1      | Reached skill level 4 in Axes
    52 | D:1      | Found a faded altar of an unknown god.
    58 | D:1      | Reached XP level 2. HP: 17/25 MP: 1/1
    65 | D:1      | Prayed at the altar of an unknown god.
    65 | D:1      | Became a worshipper of Warmaster Okawaru
    65 | D:1      | Reached * piety under Okawaru
   736 | D:1      | Reached skill level 5 in Axes
   772 | D:1      | Reached XP level 3. HP: 30/30 MP: 2/2
  1121 | D:2      | Found a shimmering altar of Xom.
  1891 | D:3      | Noticed Robin
  1891 | D:3      | Noticed Ijyb
  1901 | D:3      | Reached skill level 6 in Axes
  1901 | D:3      | Reached XP level 4. HP: 31/37 MP: 3/3
  2022 | D:3      | Killed Robin
  2032 | D:3      | Killed Ijyb
  2263 | D:3      | Noticed Jessica
  2273 | D:3      | Killed Jessica
  2274 | D:3      | Reached skill level 7 in Axes
  2274 | D:3      | Reached XP level 5. HP: 41/42 MP: 4/4
  2618 | D:3      | Found a runed translucent door.
  2622 | D:3      | Noticed Crazy Yiuf
  3176 | D:3      | Killed Crazy Yiuf
  3179 | D:3      | Identified the +7 hammer "Moleest" {pain, rPois}
  3276 | D:4      | Reached ** piety under Okawaru
  3277 | D:4      | Reached skill level 8 in Axes
  3390 | D:4      | Reached XP level 6. HP: 50/50 MP: 5/5
  3660 | D:4      | Found a staircase to the Ecumenical Temple.
  3677 | Temple   | Entered the Ecumenical Temple
  3939 | D:4      | Reached skill level 9 in Axes
  4197 | D:4      | Found a glowing silver altar of Zin.
  4482 | D:5      | Entered Level 5 of the Dungeon
  4487 | D:5      | Noticed Sigmund
  4755 | D:5      | Found Ciuhu's Assorted Antiques.
  4785 | D:5      | Reached XP level 7. HP: 40/56 MP: 6/6
  5147 | D:5      | Reached skill level 10 in Axes
  5229 | D:5      | Killed Sigmund
  5271 | D:5      | Reached *** piety under Okawaru
  5272 | D:5      | Reached skill level 11 in Axes
  5692 | D:5      | Reached XP level 8. HP: 62/62 MP: 7/7
  6002 | D:6      | Reached skill level 12 in Axes
  6210 | D:6      | Found a burning altar of Makhleb.
  6228 | D:6      | Noticed Menkaure
  6235 | D:6      | Killed Menkaure
  6406 | D:6      | HP: 2/62 [adder (2)]
  6411 | D:6      | Killed from afar by a steam dragon

Illustrated notes

Levels and vault maps discovered:
D:1:      heliophobic_arrival_henge, layout_loops_cross, serial_glass,
          glass_columns_b, glass_columns_b, basic_ecumenical_altar
D:2:      layout_loops_cross, serial_rivers, chequers_serial_rivers_large_a,
          chequers_serial_rivers_large_b, chequers_serial_rivers_small_b,
          chequers_serial_rivers_room_a, chequers_serial_rivers_small_b,
          basic_altar, minivault_24
D:3:      layout_basic, dreamdust_wishing_well, uniq_ijyb, uniq_jessica,
          uniq_robin, uniq_crazy_yiuf_cottage
D:4:      layout_loops_cross, lemuel_round_altar,
          minmay_temple_entry_sparse_star, guppyfry_early_lair_pool
D:5:      layout_basic, serial_shops, nicolae_shop_overgrown_old_shop,
          uniq_sigmund
D:6:      layout_basic, fedhas_altar_1, mainiacjoe_overflow_chevrons,
          serial_bayou_pond_d, minmay_misc_feat_encased, minmay_curled_crystal,
          uniq_pikel, uniq_menkaure
Temple:   regret_index_temple_waves

Skill      XL: |  1  2  3  4  5  6  7  8 |
---------------+-------------------------+-----
Axes           | 4 5 6 7 8 9 11 12 | 12.8
Fighting       | |  2.4
Throwing       | |  2.0
Dodging        | |  3.2

Action                   |  1- 3 |  4- 6 |  7- 9 || total
-------------------------+-------+-------+-------++-------
Melee: War axe           |    98 |   151 |    82 ||   331
       Headbutt          |    14 |    14 |    13 ||    41
       Punch             |       |     1 |     3 ||     4
Throw: Throwing net      |       |     2 |       ||     2
       Boomerang         |       |       |     2 ||     2
Invok: Heroism           |       |       |     1 ||     1
Evoke: Wand              |       |       |     5 ||     5
  Use: Potion            |       |       |     2 ||     2
 Stab: Sleeping          |     1 |       |       ||     1
Armor: Leather armour    |    15 |       |       ||    15
       Plate armour      |    25 |    79 |    56 ||   160
Dodge: Dodged            |    63 |    41 |    25 ||   129
